 Dungeon Crawl Stone Soup version 0.27.0-1-g7a089689b8 (webtiles) character file.

Game seed: 6029497112170126062

2228 daftaero the Skirmisher (level 9, -1/72 HPs)
             Began as a Demonspawn Gladiator on Aug 12, 2021.
             Was a Believer of Makhleb.
             Slain by Harold (3 damage)
             ... on level 7 of the Dungeon.
             The game lasted 00:22:07 (7067 turns).

daftaero the Skirmisher (Demonspawn Gladiator)      Turns: 7067, Time: 00:22:08

Health: -1/72      AC: 14    Str: 16    XL:     9   Next: 14%
Magic:  13/13      EV: 15    Int:  9    God:    Makhleb [**....]
Gold:   595        SH:  6    Dex: 17    Spells: 14/14 levels left

rFire    + . .     SeeInvis .   a - +0 trident
rCold    . . .     Faith    .   (no shield)
rNeg     . . .     Spirit   .   u - +0 troll leather armour {Purgy}
rPois    .         Reflect  .   c - +0 helmet
rElec    .         Harm     .   C - +0 cloak
rCorr    .         Rampage  .   r - +0 pair of gloves
Will     .....                  l - +2 pair of boots
Stlth    +.........             (no amulet)
HPRegen  1.22/turn              A - +4 ring of protection
MPRegen  0.13/turn              E - ring of protection from fire

@: marked, on berserk cooldown, slowed, very slow
A: claws 2, large bone plates 2, condensation shield
a: Renounce Religion, Minor Destruction


You were on level 7 of the Dungeon.
You worshipped Makhleb.
Makhleb was pleased with you.
You visited 2 branches of the dungeon, and saw 8 of its levels.
You also visited: Sewer and Ossuary.

You collected 595 gold pieces.

Inventory:

Hand Weapons
 a - a +0 trident (weapon)
Missiles
 n - 44 sling bullets
 v - 5 javelins (quivered)
 y - 8 silver boomerangs
Armour
 b - a +0 leather armour
 c - a +0 helmet (worn)
 l - a +2 pair of boots (worn)
 r - a +0 pair of gloves (worn)
 u - a +0 troll leather armour (worn) {Purgy}
 w - a +0 chain mail
 C - a +0 cloak (worn)
Jewellery
 A - a +4 ring of protection (left hand)
 E - a ring of protection from fire (right hand)
 K - a ring of magical power
 L - a ring of magical power
Wands
 g - a wand of flame (42)
Scrolls
 d - 2 scrolls of magic mapping {unknown}
 f - 6 scrolls of identify {unknown}
 h - a scroll of blinking {unknown}
 j - 6 scrolls of amnesia {unknown}
 k - a scroll of enchant armour {unknown}
 t - a scroll of vulnerability {unknown}
 x - 2 scrolls of teleportation {unknown}
 B - 3 scrolls of fog {unknown}
 D - a scroll of torment {unknown}
 F - a scroll of noise {unknown}
 G - 2 scrolls of enchant weapon {unknown}
 J - a scroll of fear {unknown}
Potions
 e - 4 potions of heal wounds {unknown}
 i - a potion of haste {unknown}
 m - 5 potions of curing {unknown}
 o - 4 potions of flight {unknown}
 p - 3 potions of mutation {unknown}
 q - 4 potions of lignification {unknown}
 s - 3 potions of brilliance {unknown}
 z - a potion of berserk rage
 H - 2 potions of degeneration {unknown}
 I - a potion of cancellation {unknown}
 M - a potion of resistance {unknown}
 N - a potion of might {unknown}
 O - 2 potions of ambrosia {unknown}


   Skills:
 + Level 7.0 Fighting
 + Level 6.7 Polearms
 - Level 1.7 Throwing
 + Level 6.7 Dodging
 - Level 3.0 Spellcasting


You had 14 spell levels left.
You didn't know any spells.
Your spell library contained the following spells:

 Spells                   Type           Power      Damage    Failure   Level
 Foxfire                  Conj/Fire      4%         2x1d4     36%         1
 Static Discharge         Conj/Air       1%         N/A       50%         2
 Conjure Flame            Conj/Fire      1%         6-21      73%         3
 Inner Flame              Hex/Fire       1%         N/A       73%         3
 Dispel Undead            Necr           1%         3d6       98%         4
 Sticky Flame             Conj/Fire      1%         2d3       98%         4


Dungeon Overview and Level Annotations

Branches:
Dungeon (7/15)             Temple (1/1) D:4           Sewer (visited)
Ossuary (visited)

Altars:
Ashenzari
Cheibriados
Dithmenos
Elyvilon
Fedhas
Gozag
Hepliaklqana
Kikubaaqudgha
Makhleb
Nemelex Xobeh
Okawaru
Qazlal
Ru
Sif Muna
Trog
Uskayaw
Vehumet
Wu Jian
Yredelemnul
Zin
The Shining One

Annotations:
D:7 Harold


Innate Abilities, Weirdness & Mutations

You have very sharp fingernails.
You are mostly covered in large bone plates. (SH +6)
A meltable shield of frost defends you. (SH +0)


Message History

You are held in a net!
You are held in a net!
You are held in a net!
You struggle against the net.
An orc comes into view. It is wielding a +0 short sword.
Harold says, "Listen, it's nothing personal.
It's just a job."
Harold barely misses you.
An orc wizard comes into view. It is wielding a +0 dagger.
Okay, then.
A red film seems to cover your vision as you go berserk!
You feel yourself moving faster!
You feel mighty!
Harold hits you from afar with a +0 trident of flaming.
You cannot attack while held in a net.
You struggle against the net.
You feel a strong urge to attack something.
Harold hits you from afar with a +0 trident of flaming!!
You struggle against the net.
An orc comes into view. It is wielding a +0 club.
Harold hits you from afar with a +0 trident of flaming!
You struggle against the net.
You feel your anger nearly subside.
You are no longer berserk.
You are exhausted.
You feel yourself slow down.
You struggle against the net.
Harold hits you from afar with a +0 trident of flaming.
Harold burns you.
An orc comes into view. It is wielding a +0 club.
Harold hits you from afar with a +0 trident of flaming.
You rip the net and break free!
An orc opens the door.
Harold hits you but does no damage. Harold shouts, "Can you die now?
I had plans for the rest of the day!"
Harold hits you with a +0 trident of flaming!
* * * LOW HITPOINT WARNING * * *
Harold burns you.
* * * LOW HITPOINT WARNING * * *
The orc hits you but does no damage.
Harold hits you with a +0 trident of flaming!
* * * LOW HITPOINT WARNING * * *
Harold burns you.
You die...

#.#.#.'####+.#.#####...###
#.#(#.#....#)#..##.'...'.#
#.#.#.#.##.#.#(..###'#'###
#.#.#.#.##.#.#..##.'.#.'.#
#.#.#.#....#.#...#########
#.#.#.+####'.#.### #
###.#.#........#.# .#
......'########'.# #.#
.#..#..........o@# ...
.#..###.#.#..###@###$#.#
.#..###...#....ooo.....#
.#.....##.######...#
.#.###.##.........<# .#.#
#....####.......#
.#.###.##...............
[#.....##@####.......####
.#...........@.....#.#


You could see Harold, an orc wizard and 3 orcs.

Vanquished Creatures
  2 water moccasins
  Purgy (Sewer)
  An ice beast (D:5)
  A sky beast (D:5)
  A centaur (D:5)
  A bullfrog (D:7)
  13 scorpions
  An elf skeleton (D:7)
  A wyvern zombie (D:5)
  2 howler monkeys
  3 human zombies
  An orc priest (D:5)
  2 hounds (D:6)
  Crazy Yiuf (D:6)
  4 centaur zombies (Ossuary)
  2 human skeletons (D:7)
  2 scorpion zombies (Ossuary)
  A hound zombie (D:5)
  3 mummies (Ossuary)
  6 adders
  A howler monkey skeleton (D:6)
  An ufetubus (D:4)
  2 worms
  2 dart slugs
  7 orcs
  6 bats
  7 endoplasms
  7 giant cockroaches
  6 goblins
  4 hobgoblins
  3 quokkas
  6 ball pythons
  5 frilled lizards
  A gnoll zombie (Ossuary)
  A goblin zombie (Ossuary)
  5 hobgoblin zombies (Ossuary)
  6 kobolds
  6 kobold zombies (Ossuary)
  2 orc skeletons (D:7)
  7 rats
134 creatures vanquished.

Notes
Turn   | Place    | Note
-------+----------+-------------------------------------------
     0 | D:1      | daftaero the Demonspawn Gladiator began the quest for the
                  | Orb.
     0 | D:1      | Reached XP level 1. HP: 16/16 MP: 1/1
   420 | D:1      | Gained mutation: You have sharp fingernails. [demonic
                  | ancestry]
   420 | D:1      | Reached XP level 2. HP: 16/22 MP: 2/2
   928 | D:2      | Found a faded altar of an unknown god.
  1355 | D:2      | Gained mutation: You are partially covered in large bone
                  | plates. (SH +4) [demonic ancestry]
  1355 | D:2      | Reached XP level 3. HP: 20/28 MP: 3/3
  1893 | D:3      | Noticed an ogre
  2373 | D:3      | Reached skill level 3 in Fighting
  2373 | D:3      | Reached XP level 4. HP: 17/35 MP: 4/4
  3299 | D:4      | Found a glowing drain.
  3303 | Sewer    | Entered a sewer
  3364 | Sewer    | Noticed Purgy
  3386 | Sewer    | Killed Purgy
  3387 | Sewer    | Gained mutation: You have very sharp fingernails. [demonic
                  | ancestry]
  3387 | Sewer    | Reached XP level 5. HP: 40/42 MP: 5/5
  3628 | D:4      | Found a staircase to the Ecumenical Temple.
  3690 | Temple   | Entered the Ecumenical Temple
  4229 | Temple   | Became a worshipper of Makhleb the Destroyer
  4370 | D:4      | Reached skill level 4 in Fighting
  4384 | D:4      | Gained mutation: You are mostly covered in large bone
                  | plates. (SH +6) [demonic ancestry]
  4384 | D:4      | Reached XP level 6. HP: 41/48 MP: 6/6
  4475 | D:4      | Noticed a water moccasin
  4497 | D:4      | Killed a water moccasin
  4710 | D:5      | Entered Level 5 of the Dungeon
  4876 | D:5      | Noticed a steam dragon
  5041 | D:5      | Noticed a sky beast
  5229 | D:4      | Reached XP level 7. HP: 40/55 MP: 7/7
  5298 | D:5      | Reached skill level 5 in Fighting
  5298 | D:5      | Reached skill level 5 in Polearms
  5298 | D:5      | Reached skill level 5 in Dodging
  5644 | D:6      | Found a runed translucent door.
  5645 | D:6      | Noticed Crazy Yiuf
  5658 | D:6      | Killed Crazy Yiuf
  5729 | D:6      | Reached XP level 8. HP: 58/64 MP: 8/8
  6066 | D:7      | Noticed Harold
  6301 | D:7      | Reached skill level 6 in Fighting
  6301 | D:7      | Reached skill level 1 in Spellcasting
  6315 | D:7      | Found a sand-covered staircase.
  6324 | D:7      | Reached * piety under Makhleb
  6366 | Ossuary  | Entered an ossuary
  6796 | Ossuary  | Gained mutation: A meltable shield of frost defends you.
                  | (SH +0) [demonic ancestry]
  6796 | Ossuary  | Reached XP level 9. HP: 70/71 MP: 13/13
  6799 | Ossuary  | Reached ** piety under Makhleb
  6883 | Ossuary  | Reached skill level 7 in Fighting
  7067 | D:7      | HP: 2/72 [Harold (14)]
  7067 | D:7      | Slain by Harold

Illustrated notes

Levels and vault maps discovered:
D:1:      ncdulo_halloftheorcs, layout_basic, minmay_misc_feat_chi,
          chequers_serial_rivers_small_a
D:2:      kennysheep_six_static_rooms, layout_rooms,
          shapermc_ecumenical_altar_totnotflames,
          wander_ebering_terrifying_dragon_lair
D:3:      layout_basic, minmay_misc_feat_iff
D:4:      layout_cave_pools, minmay_temple_entry_trees, gup_sewer_entry_spiral,
          supply_closet_lemuel
D:5:      layout_rooms
D:6:      layout_rooms, uniq_crazy_yiuf_cottage
D:7:      layout_loops_ring, nicolae_ossuary_entry_catacombs, serial_shops,
          shop, minivault_11, uniq_harold
Temple:   roderic_octagonal_lattice_temple

Skill      XL: |  1  2  3  4  5  6  7  8  9 |
---------------+----------------------------+-----
Polearms       | 3 4 5 6 |  6.7
Dodging        | 3 4 5 6 |  6.7
Fighting       | 3 4 5 6 7 |  7.0
Spellcasting   | 2 3 |  3.0
Throwing       | |  1.7

Action                   |  1- 3 |  4- 6 |  7- 9 || total
-------------------------+-------+-------+-------++-------
Melee: Trident           |   125 |   167 |   414 ||   706
Throw: Throwing net      |     3 |     1 |       ||     4
       Javelin           |       |       |     6 ||     6
  Use: Potion            |       |       |     1 ||     1
 Stab: Sleeping          |     5 |       |       ||     5
       Held in net/web   |       |     2 |       ||     2
Armor: Leather armour    |    31 |    30 |       ||    61
       Troll leather arm |       |    29 |   138 ||   167
Dodge: Dodged            |    69 |   109 |   232 ||   410
Block: Other             |    13 |    35 |   106 ||   154
